 Dungeon Crawl Stone Soup version 0.29.1-12-g30fa7ad0bf (webtiles) character file.

Game seed: 12489263364960393961

3227 sanboga the Blocker (level 10, -1/79 HPs)
             Began as a Formicid Fighter on Jan 4, 2023.
             Was an Elder of Okawaru.
             Slain by a gnoll bouda
             ... wielding a +0 halberd
              (4 damage)
             ... in a bailey.
             The game lasted 00:09:40 (8819 turns).

sanboga the Blocker (Formicid Fighter)              Turns: 8819, Time: 00:09:40

Health: -1/79      AC: 19    Str: 25    XL:     10   Next: 18%
Magic:  0/14       EV: 10    Int:  8    God:    Okawaru [****..]
Gold:   455        SH: 14    Dex: 13    Spells: 9/9 levels left

rFire   + . .      SeeInvis +   a - +0 war axe
rCold   . . .      Faith    .   h - +1 kite shield
rNeg    . . .      Spirit   +   l - +0 chain mail
rPois   .          Reflect  .   (helmet unavailable)
rElec   .          Harm     .   v - +0 cloak
rCorr   .          Rampage  .   y - +0 pair of gloves
Will    +....                   (no boots)
Stlth   ..........              k - amulet of guardian spirit
HPRegen 0.23/turn               e - ring of protection from fire
MPRegen 0.14/turn               m - +4 ring of protection

@: heroic, weakened, attractive
A: permanent stasis, dig shafts and tunnels, antennae 3, four strong arms
a: Dig, Renounce Religion, Heroism, Finesse


You were in a bailey.
You worshipped Okawaru.
Okawaru was greatly pleased with you.
You visited 1 branch of the dungeon, and saw 8 of its levels.
You also visited: Bailey.

You collected 455 gold pieces.

Inventory:

Hand Weapons
 a - a +0 war axe (weapon)
 s - a +0 hand axe of flaming
Armour
 h - a +1 kite shield (worn)
 l - a +0 chain mail (worn)
 v - a +0 cloak (worn)
 y - a +0 pair of gloves (worn)
Jewellery
 e - a ring of protection from fire (left hand)
 k - an amulet of guardian spirit (around neck)
 m - a +4 ring of protection (right hand)
 x - a ring of flight
Wands
 p - a wand of polymorph (9)
 u - a wand of roots (10)
Scrolls
 c - a scroll of silence {unknown}
 d - 2 scrolls of enchant weapon {unknown}
 j - 2 scrolls of amnesia {unknown}
 n - 2 scrolls of fear {unknown}
 q - 2 scrolls of brand weapon {unknown}
 r - 2 scrolls of fog
 t - a scroll of enchant armour
Potions
 b - 3 potions of mutation
 f - 5 potions of curing
 g - 5 potions of flight
 i - a potion of resistance
 o - 7 potions of heal wounds
 w - a potion of attraction


   Skills:
 + Level 7.5(12.5) Fighting
 * Level 6.7(11.7) Axes
 + Level 7.5(12.5) Armour
 + Level 9.0(14.0) Shields
 + Level 6.5 Invocations


You had 9 spell levels left.
You didn't know any spells.
Your spell library contained the following spells:

 Spells                   Type           Power      Damage    Failure   Level
 Necrotise                Necr           0%         1d4       97%         1


Dungeon Overview and Level Annotations

Branches:
Dungeon (8/15)             Temple (0/1) D:6            Lair (0/5) D:8
 Bailey (1/1)

Altars:
Dithmenos
Elyvilon
Fedhas
Hepliaklqana
Kikubaaqudgha
Nemelex Xobeh
Okawaru
Sif Muna
Uskayaw
Vehumet
Wu Jian
Xom

Shops:
D:7 =


Innate Abilities, Weirdness & Mutations

You cannot be hasted, slowed, berserked, paralysed or teleported.
You can dig through walls and to a lower floor.
You have a pair of large antennae on your head. (SInv)
Your four strong arms can wield two-handed weapons with a shield.


Message History

The gnoll sergeant completely misses you.
You block the wolf's attack.
The gnoll bouda gazes fiercely through you!
You feel as though you will be weak longer.
The gnoll bouda gazes fiercely through you!
You feel as though you will be weak longer.
The gnoll sergeant completely misses you.
You block the gnoll sergeant's attack.
The gnoll sergeant is attracted toward you.
The gnoll bouda is attracted toward you.
You barely miss the wolf.
You hit the gnoll sergeant but do no damage.
You block the wolf's attack.
The gnoll sergeant hits you but does no damage.
The gnoll bouda barely misses you. You block the wolf's attack.
The gnoll bouda gazes fiercely through you!
You feel as though you will be weak longer.
You hit the gnoll sergeant but do no damage.
You completely miss the wolf. The wolf bites you but does no damage.
You block the gnoll sergeant's attack. x2
The gnoll sergeant hits you with a +0 glaive.
* * * LOW HITPOINT WARNING * * *
The gnoll bouda barks out a call to the hunt!
The gnoll bouda picks up the pace!
The gnoll bouda gazes fiercely through you!
You feel as though you will be weak longer.
You block the gnoll bouda's attack. The wolf barely misses you.
The gnoll sergeant hits you but does no damage.
You block the gnoll sergeant's attack.
You hit the gnoll sergeant but do no damage.
You barely miss the wolf. The gnoll sergeant barely misses you.
The wolf completely misses you. You block the gnoll bouda's attack.
The gnoll sergeant hits you but does no damage.
You block the gnoll sergeant's attack.
You barely miss the gnoll sergeant. You closely miss the wolf.
You block the wolf's attack.
The gnoll sergeant hits you with a +0 glaive!
* * * LOW HITPOINT WARNING * * *
The gnoll bouda hits you from afar with a +0 halberd.
You die...

♣♣..≈..# { ##...## #..≈♣
♣♣...≈..######)....###+##..≈♣
♣.......'...#).)....#......≈♣
))......')..')..8...'))....≈♣
♣.......'...#)).....#......≈♣
♣♣...≈..######.....###'##..≈♣
♣...≈..# +.g##...##....#..≈♣
♣...≈..# #...#####.)...#..≈♣
♣♣..≈..# #..ggg@(......#..≈♣
♣♣.≈..# #...gh#..)...##..≈♣
♣.≈..###.8.g.#...8.##...≈♣
♣♣≈≈...#############...≈≈♣
♣♣≈≈≈≈≈≈≈≈≈≈ ≈≈≈≈≈≈≈≈≈♣♣
♣♣♣♣♣♣♣♣♣♣♣ ♣♣♣♣♣♣♣♣♣♣


You could see 3 gnoll sergeants, a wolf and 2 gnoll boudas.

Vanquished Creatures
  Pikel (D:5)
  A hornet (D:8)
  Grinder (D:5)
  A steam dragon (D:7)
  3 water moccasins
  An orc warrior (D:7)
  2 ogres
  2 wolves (Bailey)
  2 bullfrogs
  A necrophage (D:6)
  A scorpion (D:5)
  2 gnoll sergeants (Bailey)
  4 wights
  4 hounds
  5 gnoll boudas
  Crazy Yiuf (D:5)
  2 iguanas (D:5)
  Jessica (D:2)
  Ijyb (D:5)
  8 orc wizards
  23 gnolls
  9 adders
  A shadow imp (D:6)
  A worm (D:4)
  2 dart slugs
  9 orcs
  4 ball pythons
  7 bats
  8 endoplasms
  4 giant cockroaches
  5 goblins
  3 hobgoblins
  2 jackals (D:4)
  8 kobolds
  4 quokkas
  3 frilled lizards
  2 rats (D:2)
  A spectral kobold (D:3)
140 creatures vanquished.

Vanquished Creatures (others)
  5 demonic plants (D:2)
  7 fungi
  6 plants (D:2)
  2 withered plants (D:2)
20 creatures vanquished.

Grand Total: 160 creatures vanquished

Notes
Turn   | Place    | Note
-------+----------+-------------------------------------------
     0 | D:1      | sanboga the Formicid Fighter began the quest for the Orb.
     0 | D:1      | Reached XP level 1. HP: 18/18 MP: 1/1
   244 | D:1      | Reached XP level 2. HP: 18/24 MP: 2/2
   846 | D:1      | Reached XP level 3. HP: 23/29 MP: 3/3
  1288 | D:2      | Noticed Jessica
  1303 | D:2      | Killed Jessica
  1304 | D:2      | Reached XP level 4. HP: 37/37 MP: 4/4
  1720 | D:2      | Found a faded altar of an unknown god.
  2325 | D:3      | Reached XP level 5. HP: 34/42 MP: 3/5
  2488 | D:3      | Reached skill level 5 in Shields
  2596 | D:3      | Found a hazy altar of Hepliaklqana.
  2793 | D:3      | Found a blossoming altar of Fedhas.
  2798 | D:3      | Found an iron altar of Okawaru.
  2798 | D:3      | Found a shadowy altar of Dithmenos.
  2811 | D:3      | Found an ornate altar of the Wu Jian Council.
  2816 | D:3      | Became a worshipper of Warmaster Okawaru
  2823 | D:3      | Found a white marble altar of Elyvilon.
  3620 | D:4      | Reached skill level 1 in Invocations
  3620 | D:4      | Reached XP level 6. HP: 25/49 MP: 3/6
  4230 | D:5      | Entered Level 5 of the Dungeon
  4340 | D:5      | Noticed an ogre
  4347 | D:5      | Killed an ogre
  4437 | D:5      | Noticed an ogre
  4472 | D:4      | Killed an ogre
  4472 | D:4      | Reached * piety under Okawaru
  4473 | D:4      | Reached XP level 7. HP: 30/55 MP: 4/8
  4688 | D:5      | Reached skill level 5 in Armour
  4693 | D:5      | Reached skill level 5 in Fighting
  4913 | D:5      | Reached skill level 6 in Shields
  5021 | D:5      | Found a hide-covered altar of Uskayaw.
  5024 | D:5      | Noticed a water moccasin
  5042 | D:5      | Killed a water moccasin
  5088 | D:5      | Found a shimmering altar of Xom.
  5154 | D:5      | Reached XP level 8. HP: 17/62 MP: 1/10
  5433 | D:5      | Noticed Pikel
  5446 | D:5      | Killed Pikel
  5446 | D:5      | Reached ** piety under Okawaru
  5447 | D:5      | Reached skill level 7 in Shields
  5745 | D:5      | Found a runed translucent door.
  5746 | D:5      | Noticed Crazy Yiuf
  5754 | D:5      | Killed Crazy Yiuf
  5915 | D:5      | Noticed Ijyb
  5967 | D:5      | Killed Ijyb
  5992 | D:5      | Noticed Grinder
  6008 | D:5      | Killed Grinder
  6009 | D:5      | Reached skill level 5 in Axes
  6088 | D:5      | Found a radiant altar of Vehumet.
  6111 | D:5      | Found an ancient bone altar of Kikubaaqudgha.
  6116 | D:5      | Reached *** piety under Okawaru
  6117 | D:5      | Reached XP level 9. HP: 67/69 MP: 12/12
  6121 | D:5      | Got Kikubaaqudgha's Cyclopedia of Stolen Souls
  6131 | D:5      | Found a shimmering blue altar of Sif Muna.
  6366 | D:6      | Found a staircase to the Ecumenical Temple.
  6504 | D:6      | Found a sparkling altar of Nemelex Xobeh.
  6661 | D:6      | Reached skill level 5 in Invocations
  7077 | D:7      | Found Payxkiy's Jewellery Boutique.
  7114 | D:7      | Reached skill level 8 in Shields
  7600 | D:7      | Reached **** piety under Okawaru
  7965 | D:8      | Noticed a hornet
  7967 | D:8      | Found a staircase to the Lair.
  7975 | D:8      | Killed a hornet
  8009 | D:8      | Found a flagged portal.
  8021 | Bailey   | Entered a bailey
  8029 | Bailey   | Reached XP level 10. HP: 62/79 MP: 14/14
  8815 | Bailey   | Reached skill level 9 in Shields
  8819 | Bailey   | HP: 3/79 [gnoll sergeant/+0 glaive (8)]
  8819 | Bailey   | Slain by a gnoll bouda

Illustrated notes

Levels and vault maps discovered:
D:1:      onia_arrival_handbag, layout_basic, skrybe_limestone_x, st_stairs_4
D:2:      layout_basic, shapermc_ecumenical_altar_gd, uniq_jessica
D:3:      layout_rooms, nicolae_hepliaklqana_monster_ancestors,
          minmay_overflow_temple_star_hex
D:4:      layout_loops_corners
D:5:      layout_rooms, palyth_temple_overflow_mages,
          mainiacjoe_overflow_big_doors, uniq_crazy_yiuf_cottage, uniq_grinder,
          uniq_ijyb, uniq_pikel
D:6:      layout_basic, kennysheep_mini_moat, minmay_temple_entry_junction,
          kennysheep_generic_room_12
D:7:      layout_basic, serial_shops, nicolae_shop_trees
D:8:      kennysheep_steamy, layout_loops_ring, grunt_gozag_statues,
          dpeg_oklobed_lair, ebering_ghost_xom, enter_bailey_4, uniq_psyche
Bailey:   bailey_polearm_gnolls_kennysheep, bailey

Skill      XL: |  1  2  3  4  5  6  7  8  9 10 |
---------------+-------------------------------+-----
Fighting       | 4 5 6 7 |  7.5
Armour         | 4 5 6 7 |  7.5
Shields        | 5 6 7 8 9 |  9.0
Axes           | 3 4 5 6 |  6.7
Invocations    | 1 2 3 4 6 |  6.5

Action                   |  1- 3 |  4- 6 |  7- 9 | 10-12 || total
-------------------------+-------+-------+-------+-------++-------
Melee: War axe           |    48 |   181 |   319 |    98 ||   646
Invok: Heroism           |       |       |       |     2 ||     2
Evoke: Wand              |       |       |     2 |       ||     2
  Use: Scroll            |       |     6 |     6 |       ||    12
       Potion            |       |     1 |     2 |     1 ||     4
Armor: Scale mail        |    22 |     4 |       |       ||    26
       Chain mail        |       |    98 |   144 |    62 ||   304
Dodge: Dodged            |    18 |    63 |    87 |    59 ||   227
Block: Buckler           |     8 |       |       |       ||     8
       Kite shield       |       |   117 |   217 |   121 ||   455
